Map: Prion Terraces

Players

juhyg - Winner!

  • Race: Zerg Zerg

KRiKA

  • Race: Protoss Protoss

VOD

Have the link to the VOD?

Description

Time

  • Played on: Nov. 18, 2015, 10:16 a.m.
  • Length: 12:19
Show
View Real Time Build Order
Export as new Build Order

juhyg Zerg - Winner!

Build Orders: Pool First 

Get SALT Encoding   

  12  0:07  Overlord  
  12  0:12  Drone  
  13  0:18  Drone  
  15  0:28  Drone  
  15  0:33  Drone  
  16  0:41  Drone  
  17  0:50  Spawning Pool  
  17  0:56  Drone  
  17  0:59  Extractor  
  17  1:18  Drone x2  
  18  1:26  Drone  
  19  1:36  Queen  
  21  1:49  Hatchery  
  20  1:55  Drone  
  20  1:56  Drone  
  22  2:04  Roach Warren  
  22  2:06  Drone  
  22  2:08  Overlord  
  22  2:17  Lair  
  22  2:24  Overlord  
  22  2:38  Metabolic Boost  
  22  2:51  Extractor  
  22  2:53  Zergling x10  
  26  3:02  Drone  
  26  3:04  Queen  
  29  3:10  Roach  
  33  3:13  Roach  
  33  3:20  Drone x2  
  33  3:25  Drone  
  33  3:26  Drone  
  37  3:29  Drone  
  37  3:33  Drone  
  39  3:36  Drone  
  40  4:04  Overlord x2  
  40  4:05  Overlord  
  40  4:07  Drone x4  
  44  4:31  Roach x2  
  44  4:32  Roach x3  
  54  4:49  Hydralisk Den  
  53  4:56  Infestation Pit  
  53  4:57  Drone  
  53  4:58  Drone  
  54  5:00  Drone x3  
  57  5:22  Roach x5  
  57  5:28  Overlord x2  
  67  5:37  Hive  
  67  5:45  Drone  
  67  5:47  Hydralisk x3  
  74  6:02  Hydralisk x2  
  78  6:31  Hatchery  
  78  6:32  Muscular Augments  
  77  6:39  Extractor  
  76  6:45  Drone x4  
  80  6:47  Zergling x2  
  80  6:48  Zergling x6  
  80  6:49  Overlord x6  
  80  6:50  Overlord  
  83  7:44  Drone x4  
  83  7:47  Roach x4  
  83  7:48  Roach x5  
  105  7:53  Lurker Den  
  105  7:55  Glial Reconstitution  
  105  8:07  Hatchery  
  104  8:31  Adrenal Glands  
  104  8:56  Hydralisk x4  
  104  8:57  Hydralisk x4  
  120  9:04  Hydralisk  
  120  9:05  Zergling x6  
  120  9:06  Zergling x2  
  124  9:11  Queen  
  120  9:52  Hydralisk x3  
  120  9:53  Hydralisk x3  
  120  9:54  Zergling x12  
  120  9:55  Zergling x12  
  144  10:11  Hydralisk x2  
  144  10:12  Hydralisk x2  
  152  10:46  Overlord  
  152  10:47  Overlord x6  
  152  10:48  Overlord x6  
  152  10:49  Overlord x6  
  152  10:50  Overlord  
  136  11:03  Zergling x4  
  136  11:04  Zergling x4  
  108  11:54  Hydralisk x2  
  108  11:55  Hydralisk x4  
  108  11:59  Zergling x6  
Show
View Real Time Build Order
Export as new Build Order

KRiKA Protoss 

Build Orders: Nexus First 

Get SALT Encoding   

  12  0:37  Nexus  
  12  3:24  Pylon  
  12  3:28  Pylon  
  12  3:30  Assimilator  
  12  3:31  Assimilator, Probe (Chrono Boost)  
  13  3:40  Assimilator  
  13  3:41  Probe (Chrono Boost)  
  13  3:45  Assimilator  
  13  3:47  Pylon, Probe (Chrono Boost)  
  15  3:51  Pylon  
  15  3:52  Probe (Chrono Boost)  
  15  3:55  Pylon  
  16  3:57  Pylon  
  16  3:58  Probe (Chrono Boost)  
  16  4:01  Pylon  
  18  4:03  Probe (Chrono Boost)  
  18  4:07  Gateway  
  18  4:08  Probe (Chrono Boost)  
  19  4:12  Gateway  
  19  4:13  Probe (Chrono Boost)  
  19  4:14  Gateway  
  19  4:16  Gateway  
  20  4:19  Probe (Chrono Boost)  
  20  4:22  Gateway x2  
  21  4:29  Probe (Chrono Boost)  
  22  4:50  Probe (Chrono Boost)  
  23  5:01  Probe (Chrono Boost)  
  24  5:11  Probe (Chrono Boost)  
  24  5:13  Cybernetics Core  
  25  5:14  Zealot  
  25  5:15  Zealot x2  
  25  5:17  Zealot  
  33  5:22  Probe (Chrono Boost)  
  34  5:32  Probe (Chrono Boost)  
  35  5:43  Probe (Chrono Boost)  
  36  5:50  Pylon  
  36  5:53  Probe (Chrono Boost)  
  36  5:56  Pylon  
  38  6:04  Probe (Chrono Boost)  
  38  6:08  Zealot  
  40  6:15  Probe (Chrono Boost)  
  41  6:18  Probe (Chrono Boost)  
  41  6:25  Probe (Chrono Boost)  
  43  6:29  Probe (Chrono Boost)  
  43  6:30  Stargate  
  44  6:36  Probe (Chrono Boost)  
  44  6:39  Stargate  
  46  6:40  Probe (Chrono Boost)  
  46  6:46  Probe (Chrono Boost)  
  47  6:47  Stargate  
  47  7:11  Cybernetics Core  
  47  7:20  Protoss Air Weapons Level 1  
  47  7:25  Nexus  
  47  7:26  Void Ray  
  47  7:27  Assimilator  
  51  7:36  Void Ray  
  55  7:46  Void Ray  
  59  8:09  Void Ray  
  63  8:18  Void Ray  
  59  9:02  Void Ray x3  
  67  9:03  Protoss Air Armor Level 1  
  71  9:14  Mothership Core (Chrono Boost)  
  50  9:46  Void Ray x2 (Chrono Boost)  
  50  9:48  Void Ray (Chrono Boost)  
Tags
 
Add a new tag
Caveats
  • Supply blocks, unpowered buildings, or Contaminate may cause inaccurate times.
  • Supply counts are checked every 10 seconds.